 Dungeon Crawl Stone Soup version 0.22-b1-26-g9dbaab1 (webtiles) character file.

21 abbott299 the Grave Robber (level 2, 0/19 HPs)
             Began as a Mummy Necromancer on Aug 6, 2018.
             Slain by a hobgoblin
             ... wielding a +0 club
              (6 damage)
             ... on level 2 of the Dungeon.
             The game lasted 00:04:34 (1076 turns).

abbott299 the Grave Robber (Mummy Necromancer)      Turns: 1076, Time: 00:04:35

Health: 0/19       AC:  2    Str: 11    XL:     2   Next: 65%
Magic:  6/6        EV: 12    Int: 14    God:
Gold:   9          SH:  0    Dex: 12    Spells: 5/7 levels left

rFire    x . .     SeeInvis .   b - +0 hand axe
rCold    + . .     Gourm    .   (no shield)
rNeg     + + +     Faith    .   a - +0 robe
rPois    ∞         Spirit   .   (no helmet)
rElec    .         Reflect  .   (no cloak)
rCorr    .         Harm     .   (no gloves)
MR       .....                  (no boots)
Stlth    ++........             (no amulet)
HPRegen  0.06/turn              (no ring)
MPRegen  0.10/turn              (no ring)

@: no status effects
A: no food or potions, fire vulnerability, cold resistance 1, negative energy
resistance 3, torment resistance, unbreathing
a: no special abilities


You were on level 2 of the Dungeon.
You were not hungry.

You visited 1 branch of the dungeon, and saw 2 of its levels.

You collected 9 gold pieces.

Inventory:

Hand Weapons
 b - a +0 hand axe (weapon)
   (You found it on level 1 of the Dungeon)
Armour
 a - a +0 robe (worn)
 d - a +0 hat
   (You found it on level 1 of the Dungeon)
Jewellery
 e - an uncursed amulet of rage {unknown}
   (You found it on level 1 of the Dungeon)
Scrolls
 c - a scroll of identify {unknown}


   Skills:
 - Level 1.5 Dodging
 - Level 1.5 Stealth
 + Level 3.1 Spellcasting
 * Level 4.6 Necromancy


You had 5 spell levels left.
You knew the following spells:

 Your Spells              Type           Power        Failure   Level  Hunger
a - Pain                  Necr           ###.         3%          1    N/A
A - Animate Skeleton      Necr           N/A          3%          1    N/A

Your spell library contained the following spells:

 Spells                   Type           Power        Failure   Level  Hunger
 Animate Dead             Necr           N/A          30%         4    N/A
 Vampiric Draining        Necr           ###.......   10%         3    N/A
 Regeneration             Chrm/Necr      #.........   24%         3    N/A

Dungeon Overview and Level Annotations

Branches:
Dungeon (2/15)

Altars:


Innate Abilities, Weirdness & Mutations

You do not eat or drink.
Your flesh is vulnerable to fire.
You are immune to poison.
Your flesh is cold resistant. (rC+)
You are immune to negative energy. (rN+++)
You are immune to unholy pain and torment.
You can survive without breathing.


Message History

You closely miss the rat. The rat bites you. The rat closely misses you.
You take 2 damage, and have 14/19 hp.
You closely miss the rat.
Your rat skeleton closely misses the rat.
The rat barely misses you.
You hit the rat. The rat barely misses you.
Your rat skeleton closely misses the rat.
You hit the rat but do no damage. The rat barely misses you.
Your rat skeleton barely misses the rat.
The rat barely misses you.
You hit the rat.
You kill the rat!
You swap places.
A goblin comes into view. It is wielding a club.
The goblin shouts!
You regained 2 hp, and now have 16/19 hp.
A rat comes into view.
The goblin completely misses you.
You closely miss the goblin. The goblin hits you but does no damage.
You barely miss the goblin. The goblin hits you with a club.
You take 4 damage, and have 12/19 hp.
MASSIVE DAMAGE!!
You closely miss the goblin. The goblin barely misses you.
You barely miss the goblin. The goblin hits you with a club.
You take 3 damage, and have 9/19 hp.
Unknown command.
You are too injured to fight recklessly!
You swap places.
The goblin hits your rat skeleton with a club.
Your rat skeleton is destroyed!
You hit the goblin but do no damage. The goblin closely misses you.
You closely miss the goblin. The goblin hits you but does no damage.
You closely miss the goblin. The goblin misses you.
The goblin closely misses you.
You hit the goblin. The goblin barely misses you.
You hit the goblin but do no damage. The goblin completely misses you.
You barely miss the goblin. The goblin hits you but does no damage.
You hit the goblin.
You kill the goblin!
You hit the rat but do no damage. The rat bites you but does no damage.
You hit the rat.
You kill the rat!
You see here a club.
You start resting.
Health restored: 19
There is an open door here.
You see here a club.
You see here 2 stones.
The dart slug is too close now for your liking.
You hit the dart slug. The dart slug closely misses you.
You hit the dart slug. The dart slug barely misses you.
You hit the dart slug.
You kill the dart slug!
You now have 9 gold pieces.
You open the door.
There is an open door here.
There is an open door here.
A leopard gecko comes into view.
The leopard gecko hisses angrily.
A kobold comes into view. It is wielding a short sword.
The kobold moves out of view.
You closely miss the leopard gecko. The leopard gecko closely misses you.
A hobgoblin comes into view. It is wielding a club.
You barely miss the leopard gecko.
The hobgoblin shouts!
You hear a shout! x2
The leopard gecko bites you. The leopard gecko barely misses you.
You take 1 damage, and have 18/19 hp.
You hit the leopard gecko. The leopard gecko closely misses you.
You closely miss the leopard gecko. The leopard gecko barely misses you.
A hobgoblin comes into view.
The leopard gecko bites you but does no damage.
You miss the leopard gecko. The leopard gecko barely misses you.
The leopard gecko closely misses you.
You barely miss the leopard gecko.
A hobgoblin comes into view.
The leopard gecko closely misses you.
You hit the leopard gecko.
You kill the leopard gecko!
You hit the hobgoblin but do no damage. The hobgoblin hits you with a club.
You take 3 damage, and have 15/19 hp.
You hit the hobgoblin but do no damage. The hobgoblin hits you with a club.
The hobgoblin hits you with a club!
* * * LOW HITPOINT WARNING * * *
You take 11 damage, and have 4/19 hp.
MASSIVE DAMAGE!!
There is an open door here.
You close the door.
A hobgoblin opens the door.
There's a creature in the doorway!
There is an open door here.
There is a stone staircase leading down here.
The hobgoblin misses you.
You climb downwards.
There is a stone staircase leading up here.
You are too injured to fight recklessly!
You hit the hobgoblin.
The hobgoblin hits you but does no damage.
You hit the hobgoblin but do no damage.
The hobgoblin hits you but does no damage.
You barely miss the hobgoblin. The hobgoblin hits you with a club.
You die...

#
##########.#
#..........#
#>.........#
#...@......#
#....g.....#
#...........
#..........#
#..........#
#.<.........
#..........#
#...........


You could see a hobgoblin.

Vanquished Creatures
  A dart slug (D:1)
  A leopard gecko (D:1)
  A giant cockroach (D:1)
  3 goblins (D:1)
  2 hobgoblins (D:1)
  3 bats (D:1)
  A kobold (D:1)
  4 rats (D:1)
16 creatures vanquished.

Vanquished Creatures (collateral kills)
  A goblin (D:1)
  A kobold (D:1)
2 creatures vanquished.

Grand Total: 18 creatures vanquished

Notes
Turn   | Place    | Note
-------+----------+-------------------------------------------
     0 | D:1      | abbott299 the Mummy Necromancer began the quest for the Orb.
     0 | D:1      | Reached XP level 1. HP: 13/13 MP: 4/4
     2 | D:1      | Learned a level 1 spell: Animate Skeleton
    39 | D:1      | HP: 1/13 [hobgoblin (3)]
   601 | D:1      | Reached XP level 2. HP: 15/19 MP: 5/5
   680 | D:1      | Reached skill level 3 in Spellcasting
  1046 | D:1      | HP: 4/19 [hobgoblin/club (7)]
  1076 | D:2      | Slain by a hobgoblin

Skill      XL: |  1  2 |
---------------+-------+-----
Spellcasting   | 3 |  3.1
Dodging        | |  1.5
Stealth        | |  1.5
Necromancy     | |  4.6

Action                   || total
-------------------------++-------
Melee: Hand axe          ||    65
       Unarmed           ||    12
 Cast: Animate Skeleton  ||     2
 Stab: Sleeping          ||     1
Armor: Robe              ||    18
Dodge: Dodged            ||    65

Vault maps used:
D:1:      giann_forest_graveyard
D:2:      kennysheep_big_flooded_room, nicolae_ashenzari_panopticon,
          overflow_temple_1_default, minmay_divided_ellipse

Table legend:
 A = Turns spent in this place as a percentage of turns spent in the entire game.
 B = Non-inter-level travel turns spent in this place as a percentage of non-inter-level travel turns spent in the entire game.
 C = Inter-level travel turns spent in this place as a percentage of turns spent in this place.
 D = Turns resting spent in this place as a percentage of non-inter-level travel turns spent in this place.
 E = Turns spent auto-exploring this place as a percentage of non-inter-level travel turns spent in this place.
 F = Non-inter-level travel turns spent in this place divided by the number of levels of this place that you've seen.
                   A       B       C       D       E      F
               +-------+-------+-------+-------+-------+----------------------
         Total | 100.0 | 100.0 |   0.0 |  37.7 |  30.2 | 538.0
       Dungeon | 100.0 | 100.0 |   0.0 |  37.7 |  30.2 | 538.0
               +-------+-------+-------+-------+-------+----------------------

Table legend:
 A = Kills in this place as a percentage of kills in entire the game.
 B = Kills by you in this place as a percentage of kills by you in the entire game.
 C = Kills by friends in this place as a percentage of kills by friends in the entire game.
 D = Other kills in this place as a percentage of other kills in the entire game.
 E = Experience gained in this place as a percentage of experience gained in the entire game.
 F = Experience gained in this place divided by the number of levels of this place that you have seen.
                   A       B       C       D       E      F
               +-------+-------+-------+-------+-------+----------------------
         Total | 100.0 | 100.0 | 100.0 |   N/A | 100.0 |  15.5
       Dungeon | 100.0 | 100.0 | 100.0 |   N/A | 100.0 |  15.5
               +-------+-------+-------+-------+-------+----------------------
